 Dungeon Crawl Stone Soup version 0.17.1-1-g73c8601 (webtiles) character file.

1589 tof the Covert (level 8, -10/39 HPs)
             Began as a Spriggan Assassin on Dec 14, 2015.
             Was a Follower of Dithmenos.
             Mangled by an orc warrior
             ... wielding a +0 long sword
              (17 damage)
             ... on level 6 of the Dungeon on Dec 16, 2015.
             The game lasted 00:49:48 (6435 turns).

tof the Covert (Spriggan Assassin)                  Turns: 6435, Time: 00:49:48

Health: -10/39     AC:  3    Str:  8    XL:     8   Next: 61%
Magic:  0/9        EV: 23    Int: 13    God:    Dithmenos [*.....]
Gold:   197        SH:  0    Dex: 18    Spells: 1 memorised, 6 levels left

rFire  . . .     SeeInvis +     a - +3 dagger
rCold  . . .     Clarity  .     c - +0 robe
rNeg   . . .     SustAt   .     (shield restricted)
rPois  .         Gourm    .     (helmet restricted)
rElec  .         Spirit   +     d - +0 cloak
rCorr  .         Warding  .     (gloves unavailable)
rMut   .         Stasis   .     (boots unavailable)
MR     +....                    i - amulet of guardian spirit
Stlth  +++++++...               (no ring)
                                (no ring)

@: wreathed by umbra, very quick, somewhat resistant to hostile enchantments,
extremely stealthy
A: unfitting armour, see invisible, herbivore 3, speed 3, slow metabolism 2
a: Renounce Religion


You were on level 6 of the Dungeon.
You worshipped Dithmenos.
Dithmenos was aware of your devotion.
You were full.

You visited 1 branch of the dungeon, and saw 6 of its levels.

You collected 197 gold pieces.

Inventory:

Hand Weapons
 a - a +3 dagger (weapon)
 b - a +0 blowgun
 s - a +0 hunting sling
Missiles
 f - 49 poisoned needles (quivered)
 j - 4 poisoned javelins
 l - 165 stones
 o - a curare-tipped needle
Armour
 c - a +0 robe (worn)
 d - a +0 cloak (worn)
Jewellery
 i - an amulet of guardian spirit (around neck)
Wands
 t - a wand of flame (15)
Scrolls
 e - 6 scrolls of identify
 h - 2 scrolls of recharging
 k - 2 scrolls of blinking
 m - a scroll of fog
 y - 2 scrolls of remove curse
Potions
 n - a potion of poison
 u - 2 potions of curing
 v - 2 potions of might
 w - a potion of degeneration {unknown}
 z - a potion of flight {unknown}
Books
 p - Vehumet's Volume of Battle Magic
   (You found it on level 2 of the Dungeon)

   Spells                             Type                      Level
   a - Magic Dart                     Conjuration                  1
 q - Kikubaaqudgha's Papyrus of Dark Arts
   (You found it on level 2 of the Dungeon)

   Spells                             Type                      Level
   a - Pain                           Necromancy                   1
 r - Sif Muna's Disquisition on Augmentations
   (You found it on level 2 of the Dungeon)

   Spells                             Type                      Level
   a - Infusion                       Charms                       1
Comestibles
 g - 2 bread rations
 x - a slice of pizza


   Skills:
 + Level 2.5 Fighting
 * Level 4.0 Short Blades
 + Level 4.9 Throwing
 * Level 6.9 Dodging
 * Level 12.7 Stealth
 + Level 0.2 Spellcasting
 + Level 0.3 Necromancy


You had 6 spell levels left.
You knew the following spells:

 Your Spells              Type           Power        Failure   Level  Hunger
a - Pain                  Necr           #...         30%         1    ##.....


Dungeon Overview and Level Annotations

Branches:
Dungeon (6/15)             Temple (0/1) D:5

Altars:
Dithmenos
Kikubaaqudgha
Sif Muna
Vehumet


Innate Abilities, Weirdness & Mutations

You are tiny and cannot use many weapons and most armour.
You have supernaturally acute eyesight.
You are a herbivore.
You cover ground extremely quickly.
You need consume almost no food.


Message History

Aim: an orc warrior, wielding a long sword and wearing a plate armour (lightly wounded, umbra)
You toss away a poisoned needle.
The poisoned needle closely misses the orc warrior.
The poisoned needle completely misses the centaur zombie.
The poisoned needle hits the orc wizard!
The orc warrior completely misses you.
Unknown command.
You hit the orc warrior.
The orc warrior is moderately wounded.
The orc warrior hits you with a long sword!!
* * * LOW HITPOINT WARNING * * *
You completely miss the orc warrior.
The orc warrior is moderately wounded.
You hit the orc warrior but do no damage.
The orc warrior is moderately wounded.
The orc warrior closely misses you.
You hit the orc warrior but do no damage.
The orc warrior is moderately wounded.
The orc warrior hits you with a long sword!!
You die...

#.##.####....
#........#...
####...#.##.# ##
###.#..... .#####.
#.###..# .......
#.# #... ....Z #.#
#..# #((#######
#.###..#
#.oZo@...#
#..[....
#.######.###
#....... # #.....#
##.##.##
##.....#####.##.#
#.............##.#
#.#.....########.#
#.#.....# #.# #
##..... .# #..####


You could see an orc warrior, an orc wizard and a centaur zombie.

Vanquished Creatures
  Sigmund (D:2)
  Edmund (D:5)
  2 phantoms
  An ice beast (D:5)
  2 centaurs (D:5)
  Blork the orc (D:5)
  A scorpion (D:5)
  2 giant frog zombies
  A jelly (D:5)
  A gnoll shaman (D:4)
  Crazy Yiuf (D:4)
  A giant frog skeleton (D:4)
  3 orc wizards
  A hound (D:5)
  Jessica (D:2)
  2 worker ants (D:4)
  2 iguanas
  A hound skeleton (D:6)
  12 gnolls
  10 adders
  An ooze (D:1)
  3 adder skeletons
  4 worms
  4 giant geckos
  12 orcs
  A ball python (D:3)
  6 giant cockroaches
  5 goblins
  5 hobgoblins
  4 jackals
  8 kobolds
  2 quokkas (D:3)
  7 bats
  2 giant newts (D:2)
  A quokka skeleton (D:4)
  13 rats
125 creatures vanquished.

Vanquished Creatures (others)
  2 fungi (D:4)
2 creatures vanquished.

Grand Total: 127 creatures vanquished

Notes
Turn   | Place    | Note
--------------------------------------------------------------
     0 | D:1      | tof the Spriggan Assassin began the quest for the Orb.
     0 | D:1      | Reached XP level 1. HP: 10/10 MP: 2/2
    24 | D:1      | Reached skill level 6 in Stealth
   246 | D:1      | Reached XP level 2. HP: 14/14 MP: 3/3
   763 | D:2      | Noticed Sigmund
   767 | D:2      | Killed Sigmund
   767 | D:2      | Reached skill level 9 in Stealth
   767 | D:2      | Reached XP level 3. HP: 16/18 MP: 4/4
   767 | D:2      | Reached XP level 4. HP: 20/23 MP: 5/5
   767 | D:2      | Reached XP level 5. HP: 22/26 MP: 6/6
   936 | D:2      | Noticed Jessica
   959 | D:2      | Killed Jessica
  1802 | D:2      | Reached XP level 6. HP: 30/30 MP: 7/7
  1853 | D:2      | Reached skill level 10 in Stealth
  2075 | D:2      | Found an ancient bone altar of Kikubaaqudgha.
  2077 | D:2      | Found a deep blue altar of Sif Muna.
  2077 | D:2      | Found a radiant altar of Vehumet.
  2082 | D:2      | Identified Vehumet's Volume of Battle Magic
  2091 | D:2      | Identified Kikubaaqudgha's Papyrus of Dark Arts
  2098 | D:2      | Identified Sif Muna's Disquisition on Augmentations
  2677 | D:3      | Found a shadowy altar of Dithmenos.
  2689 | D:3      | Became a worshipper of Dithmenos the Shadowed
  3255 | D:3      | Reached XP level 7. HP: 21/35 MP: 5/8
  3379 | D:3      | Learned a level 1 spell: Pain
  3590 | D:4      | Reached skill level 5 in Dodging
  3625 | D:4      | Reached skill level 11 in Stealth
  3860 | D:3      | Reached * piety under Dithmenos
  4405 | D:4      | Noticed Crazy Yiuf
  4413 | D:4      | Killed Crazy Yiuf
  5046 | D:5      | Entered Level 5 of the Dungeon
  5046 | D:5      | Noticed Blork the orc
  5103 | D:5      | Reached XP level 8. HP: 39/39 MP: 9/9
  5408 | D:5      | Found a staircase to the Ecumenical Temple.
  5633 | D:5      | Noticed Edmund
  5654 | D:5      | Killed Edmund
  5654 | D:5      | Reached skill level 12 in Stealth
  6007 | D:5      | Killed Blork the orc
  6435 | D:6      | Mangled by an orc warrior

Action                   |  1- 3 |  4- 6 |  7- 9 || total
-------------------------+-------+-------+-------++-------
Melee: Dagger            |    33 |   197 |   135 ||   365
 Fire: Blowgun           |       |    37 |   102 ||   139
Throw: Stone             |       |     6 |       ||     6
 Cast: Pain              |       |       |     7 ||     7
  Use: Scroll            |     6 |     1 |     3 ||    10
       Potion            |     1 |     4 |     2 ||     7
 Stab: Sleeping          |    11 |    18 |    17 ||    46
       Distracted        |       |     1 |     1 ||     2
  Eat: Fruit             |       |       |     2 ||     2
       Bread ration      |       |       |     1 ||     1
